TOP OF THE 1ST |
Chicago Gold Sox batting - Pitching for Toledo Titans : RHP Manny Caraballo
|
Pitching: RHP Manny Caraballo
|
|
Batting: LHB Arthur Ryan
|
0-0: Ball 1-0: Fly out, F4 (Line Drive, 4)
|
Batting: LHB Eddie Flynn
|
0-0: Called Strike 0-1: Ball 1-1: Foul Ball, location: 2F 1-2: Ball 2-2: SINGLE (Groundball, 4MD)
|
Batting: RHB Ángel Rivera
|
0-0: Ball 1-0: Grounds into double play, 6-4-3 (Groundball, 6)
|
Top of the 1st over - 0 run(s), 1 hit(s), 0 error(s), 0 left on base; Chicago 0 - Toledo 0 |
BOTTOM OF THE 1ST |
Toledo Titans batting - Pitching for Chicago Gold Sox : RHP Eric Newell
|
Pitching: RHP Eric Newell
|
|
Batting: RHB Pil-joong Pak
|
0-0: Ball 1-0: Ball 2-0: Ball 3-0: Base on Balls
|
Batting: RHB Kade Knowles
|
0-0: Called Strike 0-1: Ball 1-1: Ball 2-1: Ball 3-1: SINGLE (Groundball, 56D) Pil-joong Pak to second
|
Batting: LHB Yannick Hendriksen
|
0-0: Fly out, F8 (Flyball, 89D) Runner from 2nd tags up, SAFE at 3rd, no throw
|
Batting: RHB Enrique Pérez
|
0-0: Ball 1-0: SINGLE (Flyball, 8LS) Pil-joong Pak scores Kade Knowles to second Runner from 2nd tries for 3rd, SAFE, throw made to third
|
Batting: LHB Jorge Flores
|
0-0: Ball 1-0: Ball 2-0: Called Strike 2-1: Swinging Strike 2-2: Strikes out looking
|
Batting: RHB Alfredo Martínez
|
0-0: Foul Ball, location: 2F 0-1: Ball 1-1: Ball 2-1: Foul Ball, location: 2F 2-2: Foul Ball, location: 2F 2-2: Fly out, F9 (Flyball, 9D)
|
Bottom of the 1st over - 1 run(s), 2 hit(s), 0 error(s), 2 left on base; Chicago 0 - Toledo 1 |
TOP OF THE 2ND |
Chicago Gold Sox batting - Pitching for Toledo Titans : RHP Manny Caraballo
|
Batting: LHB Joe Cashmore
|
0-0: Ball 1-0: Ball 2-0: Ball 3-0: Base on Balls
|
Batting: RHB Tyrone Scott
|
Pickoff Throw to First - Error! E1 Joe Cashmore to second 0-0: Ball Wild Pitch! Joe Cashmore to third 1-0: Called Strike 1-1: Fly out, F9 (Flyball, 9S)
|
Batting: LHB William Wise
|
0-0: Ground out 4-3 (Groundball, 4MS) Joe Cashmore scores
|
Batting: LHB Sam Good
|
0-0: Swinging Strike 0-1: Ball 1-1: Ball 2-1: Swinging Strike 2-2: Strikes out swinging
|
Top of the 2nd over - 1 run(s), 0 hit(s), 1 error(s), 0 left on base; Chicago 1 - Toledo 1 |
BOTTOM OF THE 2ND |
Toledo Titans batting - Pitching for Chicago Gold Sox : RHP Eric Newell
|
Batting: RHB Mike Burns
|
0-0: Called Strike 0-1: Swinging Strike 0-2: Fly out, F5 (Popup, 5S)
|
Batting: RHB Pedro Pérez
|
0-0: Called Strike 0-1: Foul Ball, location: 2F 0-2: Reached on error, E5 (Groundball, 56)
|
Batting: RHB Paul Houston
|
0-0: Ball 1-0: Called Strike 1-1: Ground out 5-3 (Groundball, 5S) Pedro Pérez to third
|
Batting: RHB Pil-joong Pak
|
0-0: Ball 1-0: Foul Ball, location: 2F 1-1: Ball 2-1: Swinging Strike 2-2: Strikes out looking
|
Bottom of the 2nd over - 0 run(s), 0 hit(s), 1 error(s), 1 left on base; Chicago 1 - Toledo 1 |
TOP OF THE 3RD |
Chicago Gold Sox batting - Pitching for Toledo Titans : RHP Manny Caraballo
|
Batting: RHB Rod Jones
|
0-0: Swinging Strike 0-1: Ball 1-1: Swinging Strike 1-2: Ball 2-2: Foul Ball, location: 2F 2-2: Foul Ball, location: 2F 2-2: Strikes out swinging
|
Batting: RHB Matt Love
|
0-0: Ball 1-0: Called Strike 1-1: SINGLE (Flyball, 8LS)
|
Batting: LHB Arthur Ryan
|
0-0: Called Strike 0-1: Foul Ball, location: 2F 0-2: Ball 1-2: Fielders Choice at 2nd, 4-6 (Groundball, 4)
|
Batting: LHB Eddie Flynn
|
0-0: Foul Ball, location: 2F 0-1: Ball 1-1: Fly out, F3 (Popup, 34)
|
Top of the 3rd over - 0 run(s), 1 hit(s), 0 error(s), 1 left on base; Chicago 1 - Toledo 1 |
BOTTOM OF THE 3RD |
Toledo Titans batting - Pitching for Chicago Gold Sox : RHP Eric Newell
|
Batting: RHB Kade Knowles
|
0-0: Called Strike 0-1: Ball 1-1: Ball 2-1: Foul Ball, location: 2F 2-2: Ground out 5-3 (Groundball, 56)
|
Batting: LHB Yannick Hendriksen
|
0-0: Foul Ball, location: 2F 0-1: Ball 1-1: Called Strike 1-2: SINGLE (Groundball, 4MD)
|
Batting: RHB Enrique Pérez
|
0-0: Ball 1-0: Ball 2-0: Grounds into double play, 5-4-3 (Groundball, 56)
|
Bottom of the 3rd over - 0 run(s), 1 hit(s), 0 error(s), 0 left on base; Chicago 1 - Toledo 1 |
TOP OF THE 4TH |
Chicago Gold Sox batting - Pitching for Toledo Titans : RHP Manny Caraballo
|
Batting: RHB Ángel Rivera
|
0-0: Ground out 6-3 (Groundball, 6)
|
Batting: LHB Joe Cashmore
|
0-0: Called Strike 0-1: Ball 1-1: Swinging Strike 1-2: Foul Ball, location: 2F 1-2: SINGLE (Groundball, 6) (infield hit)
|
Batting: RHB Tyrone Scott
|
0-0: Ball 1-0: Foul Ball, location: 2F 1-1: Swinging Strike 1-2: Foul Ball, location: 2F 1-2: Grounds into double play, 4-6-3 (Groundball, 4)
|
Top of the 4th over - 0 run(s), 1 hit(s), 0 error(s), 0 left on base; Chicago 1 - Toledo 1 |
BOTTOM OF THE 4TH |
Toledo Titans batting - Pitching for Chicago Gold Sox : RHP Eric Newell
|
Batting: LHB Jorge Flores
|
0-0: Called Strike 0-1: Ball 1-1: Ball 2-1: Foul Ball, location: 2F 2-2: SINGLE (Line Drive, 8LS)
|
Batting: RHB Alfredo Martínez
|
0-0: Fly out, F9 (Line Drive, 89M)
|
Batting: RHB Mike Burns
|
0-0: Ball 1-0: Ball 2-0: Called Strike 2-1: Foul Ball, location: 2F 2-2: SINGLE (Groundball, 34) Jorge Flores to second Runner from 2nd tries for 3rd, SAFE, no throw
|
Batting: RHB Pedro Pérez
|
0-0: Foul Ball, location: 2F 0-1: Ball 1-1: Ball 2-1: Ball 3-1: Fly out, F8 (Line Drive, 8LD) Runner from 3rd tags up, SCORES, no throw
|
Batting: RHB Paul Houston
|
0-0: Ball 1-0: Ball 2-0: Fly out, F7 (Flyball, 7LMF)
|
Bottom of the 4th over - 1 run(s), 2 hit(s), 0 error(s), 1 left on base; Chicago 1 - Toledo 2 |
TOP OF THE 5TH |
Chicago Gold Sox batting - Pitching for Toledo Titans : RHP Manny Caraballo
|
Batting: LHB William Wise
|
0-0: Called Strike 0-1: Foul Ball, location: 2F 0-2: Ball 1-2: DOUBLE (Line Drive, 8RXD)
|
Batting: LHB Sam Good
|
0-0: Ground out 6-3 (Groundball, 6) William Wise to third
|
Batting: RHB Rod Jones
|
0-0: Called Strike 0-1: SINGLE (Line Drive, 7S) William Wise scores
|
Batting: RHB Matt Love
|
0-0: Ball 1-0: Ball 2-0: Fly out, F8 (Flyball, 8LS)
|
Batting: LHB Arthur Ryan
|
0-0: Called Strike 0-1: Reached on error, E1 (Groundball, 13S) Rod Jones to third
|
Batting: LHB Eddie Flynn
|
0-0: Called Strike 0-1: Swinging Strike 0-2: Foul Ball, location: 2F 0-2: Hit by Pitch
|
Batting: RHB Ángel Rivera
|
0-0: Called Strike 0-1: Ball 1-1: Foul Ball, location: 2F 1-2: Foul Ball, location: 2F 1-2: Strikes out swinging
|
Top of the 5th over - 1 run(s), 2 hit(s), 1 error(s), 3 left on base; Chicago 2 - Toledo 2 |
BOTTOM OF THE 5TH |
Toledo Titans batting - Pitching for Chicago Gold Sox : RHP Eric Newell
|
Batting: RHB Pil-joong Pak
|
0-0: Fly out, F5 (Line Drive, 5)
|
Batting: RHB Kade Knowles
|
0-0: Called Strike 0-1: Fly out, F8 (Flyball, 89M)
|
Batting: LHB Yannick Hendriksen
|
0-0: Ball 1-0: Called Strike 1-1: Called Strike 1-2: Strikes out swinging
|
Bottom of the 5th over - 0 run(s), 0 hit(s), 0 error(s), 0 left on base; Chicago 2 - Toledo 2 |
TOP OF THE 6TH |
Chicago Gold Sox batting - Pitching for Toledo Titans : RHP Manny Caraballo
|
Batting: LHB Joe Cashmore
|
0-0: Called Strike 0-1: Called Strike 0-2: Ball 1-2: Foul Ball, location: 2F 1-2: Foul Ball, location: 2F 1-2: Strikes out swinging
|
Batting: RHB Tyrone Scott
|
0-0: Ball 1-0: Ball 2-0: Fly out, F8 (Line Drive, 78D)
|
Batting: LHB William Wise
|
0-0: Called Strike 0-1: Ball 1-1: Foul Ball, location: 2F 1-2: Ball 2-2: Ball 3-2: Strikes out swinging
|
Top of the 6th over - 0 run(s), 0 hit(s), 0 error(s), 0 left on base; Chicago 2 - Toledo 2 |
BOTTOM OF THE 6TH |
Toledo Titans batting - Pitching for Chicago Gold Sox : RHP Eric Newell
|
Batting: RHB Enrique Pérez
|
0-0: Ball 1-0: Ball 2-0: Ball 3-0: Called Strike 3-1: Foul Ball, location: 2F 3-2: Ground out 5-3 (Groundball, 5)
|
Batting: LHB Jorge Flores
|
0-0: Ground out 5-3 (Groundball, 5S)
|
Batting: RHB Alfredo Martínez
|
0-0: Ball 1-0: Called Strike 1-1: Ball 2-1: Ball 3-1: Called Strike 3-2: Strikes out looking
|
Bottom of the 6th over - 0 run(s), 0 hit(s), 0 error(s), 0 left on base; Chicago 2 - Toledo 2 |
TOP OF THE 7TH |
Chicago Gold Sox batting - Pitching for Toledo Titans : RHP Manny Caraballo
|
Batting: LHB Sam Good
|
0-0: Ball 1-0: Foul Ball, location: 2F 1-1: Ball 2-1: Ball 3-1: Base on Balls
|
Pitching: RHP Manny Amici
|
|
Batting: RHB Rod Jones
|
0-0: Ball 1-0: Swinging Strike 1-1: Foul Ball, location: 2F 1-2: Ball 2-2: Strikes out swinging
|
Batting: RHB Matt Love
|
0-0: Foul Ball, location: 2F 0-1: Ball 1-1: Ball 2-1: Ball 3-1: Base on Balls Sam Good to second
|
Batting: LHB Arthur Ryan
|
0-0: Ball 1-0: Ball 2-0: Foul Ball, location: 2F 2-1: Ball 3-1: Foul Ball, location: 2F 3-2: Foul Ball, location: 2F 3-2: Base on Balls Sam Good to third Matt Love to second
|
Batting: LHB Eddie Flynn
|
0-0: Foul Ball, location: 2F 0-1: Foul Ball, location: 2F 0-2: Ball 1-2: Strikes out swinging
|
Batting: RHB Ángel Rivera
|
0-0: Foul Ball, location: 2F 0-1: Foul Ball, location: 2F 0-2: SINGLE (Groundball, 6D) Sam Good scores Matt Love to third Arthur Ryan to second Runner from 3rd tries for Home, SAFE, no throw
|
Batting: LHB Joe Cashmore
|
0-0: Ball 1-0: 3-RUN HOME RUN (Flyball, 89XD), Distance : 439 ft
|
Pitching: LHP Jared Cox
|
|
Batting: RHB Tyrone Scott
|
0-0: SINGLE (Line Drive, 56)
|
Batting: LHB William Wise
|
0-0: Fly out, F9 (Line Drive, 9)
|
Top of the 7th over - 5 run(s), 3 hit(s), 0 error(s), 1 left on base; Chicago 7 - Toledo 2 |
BOTTOM OF THE 7TH |
Toledo Titans batting - Pitching for Chicago Gold Sox : RHP Eric Newell
|
Batting: RHB Mike Burns
|
0-0: Called Strike 0-1: Swinging Strike 0-2: Strikes out swinging
|
Batting: RHB Pedro Pérez
|
0-0: Foul Ball, location: 2F 0-1: Fly out, F6 (Popup, 6S)
|
Batting: RHB Paul Houston
|
0-0: Ground out 4-3 (Groundball, 4S)
|
Bottom of the 7th over - 0 run(s), 0 hit(s), 0 error(s), 0 left on base; Chicago 7 - Toledo 2 |
TOP OF THE 8TH |
Chicago Gold Sox batting - Pitching for Toledo Titans : LHP Jared Cox
|
Batting: LHB Sam Good
|
0-0: Ball 1-0: Foul Ball, location: 2F 1-1: Called Strike 1-2: Foul Ball, location: 2F 1-2: Ball 2-2: Strikes out swinging
|
Batting: RHB Rod Jones
|
0-0: Ball 1-0: Called Strike 1-1: Ball 2-1: Ground out 6-3 (Groundball, 56)
|
Batting: RHB Matt Love
|
0-0: Ground out 6-3 (Groundball, 6S)
|
Top of the 8th over - 0 run(s), 0 hit(s), 0 error(s), 0 left on base; Chicago 7 - Toledo 2 |
BOTTOM OF THE 8TH |
Toledo Titans batting - Pitching for Chicago Gold Sox : RHP Eric Newell
|
Batting: RHB Pil-joong Pak
|
0-0: Ball 1-0: Called Strike 1-1: Called Strike 1-2: Ball 2-2: Foul Ball, location: 2F 2-2: Ball 3-2: Base on Balls
|
Batting: RHB Kade Knowles
|
0-0: Ball 1-0: Fly out, F9 (Flyball, 9LMF)
|
Batting: LHB Yannick Hendriksen
|
0-0: Foul Ball, location: 2F 0-1: Foul Ball, location: 2F 0-2: Ball 1-2: Ball 2-2: Strikes out looking
|
Pitching: RHP Gordon Fry
|
|
Batting: RHB Enrique Pérez
|
0-0: Called Strike 0-1: Ball 1-1: Foul Ball, location: 2F 1-2: Strikes out swinging
|
Bottom of the 8th over - 0 run(s), 0 hit(s), 0 error(s), 1 left on base; Chicago 7 - Toledo 2 |
TOP OF THE 9TH |
Chicago Gold Sox batting - Pitching for Toledo Titans : LHP Jared Cox
|
Batting: LHB Arthur Ryan
|
0-0: Ground out 5-3 (Groundball, 56)
|
Batting: LHB Eddie Flynn
|
0-0: Single, Error in OF, E7, batter to second base
|
Batting: RHB Ángel Rivera
|
0-0: SINGLE (Line Drive, 4D) Eddie Flynn to third Runner from 3rd tries for Home, SAFE, throw made home
|
Batting: LHB Joe Cashmore
|
0-0: Ball 1-0: Called Strike 1-1: Ball 2-1: Ball 3-1: Base on Balls Ángel Rivera to second
|
Batting: RHB Tyrone Scott
|
0-0: Ball 1-0: Foul Ball, location: 2F 1-1: Called Strike 1-2: Foul Ball, location: 2F 1-2: Ball 2-2: Strikes out swinging
|
Batting: LHB William Wise
|
0-0: Called Strike 0-1: Ball 1-1: Ball 2-1: Called Strike 2-2: Strikes out swinging
|
Top of the 9th over - 1 run(s), 2 hit(s), 1 error(s), 2 left on base; Chicago 8 - Toledo 2 |
BOTTOM OF THE 9TH |
Toledo Titans batting - Pitching for Chicago Gold Sox : RHP Gordon Fry
|
Now at C: Earnest Veeck
|
|
Batting: LHB Jorge Flores
|
0-0: Called Strike 0-1: Foul Ball, location: 2F 0-2: Ball 1-2: Fly out, F6 (Line Drive, 6)
|
Batting: RHB Alfredo Martínez
|
0-0: Fly out, F9 (Flyball, 89XD)
|
Batting: RHB Mike Burns
|
0-0: Ball 1-0: Ball 2-0: Called Strike 2-1: Swinging Strike 2-2: Foul Ball, location: 2F 2-2: Ball 3-2: Base on Balls
|
Batting: RHB Pedro Pérez
|
0-0: Ball 1-0: Ball 2-0: Ball 3-0: Swinging Strike 3-1: Fly out, F9 (Flyball, 9S)
|
Bottom of the 9th over - 0 run(s), 0 hit(s), 0 error(s), 1 left on base; Chicago 8 - Toledo 2 |
|